 Dungeon Crawl Stone Soup version 0.31-a0-198-g2ad674f65e (webtiles) character file.

Game seed: 14544964298619272215

74 qw the Shooter (level 4, -5/25 HPs)
             Began as a Deep Elf Hunter on June 25, 2023.
             Succumbed to an orc's poison
             ... on level 2 of the Dungeon.
             The game lasted 00:00:36 (1407 turns).

qw the Shooter (Deep Elf Hunter)                    Turns: 1407, Time: 00:00:36

Health: -5/25      AC:  6    Str: 10    XL:     4   Next: 9%
Magic:  6/6        EV: 11    Int: 14    God:
Gold:   77         SH:  0    Dex: 18    Spells: 3/3 levels left

rFire   . . .        Y - +0 shortbow
rCold   . . .        (shield currently unavailable)
rNeg    + . .        f - +0 ring mail
rPois   .            a - +0 helmet
rElec   .            (no cloak)
rCorr   .            (no gloves)
SInv    .            (no boots)
Will    .....        (no amulet)
Stlth   +            i - ring of positive energy
HPRegen 0.24/turn    (no ring)
MPRegen 0.10/turn

%: no passive effects
@: lethally poisoned (-5 -> -29)
A: no striking features
a: no special abilities


You were on level 2 of the Dungeon.
You visited 1 branch of the dungeon, and saw 3 of its levels.

You collected 161 gold pieces.
You spent 84 gold pieces at shops.


   Skills:
 - Level 1.5 Fighting
 + Level 7.5 Ranged Weapons
 - Level 2.4 Dodging
 - Level 1.2 Stealth


You had 3 spell levels left.
You didn't know any spells.
Your spell library was empty.

Inventory:

Hand Weapons
 Y - a +0 shortbow (weapon)
Armour
 a - a +0 helmet (worn)
 f - a +0 ring mail (worn)
Jewellery
 i - a ring of positive energy (left hand)
 l - a ring of ice
Scrolls
 h - 5 scrolls of identify
Potions
 b - a potion of enlightenment
 j - a potion of heal wounds

Dungeon Overview and Level Annotations

Branches:
Dungeon (3/15)

Altars:
Qazlal
Zin

Shops:
D:1 ?


Message History

As you read the scroll labelled XOERABRYMIE, it crumbles to dust.
It is a scroll of amnesia.
You feel forgetful for a moment.
Done exploring.
1377 ||| READING 6 scrolls of identify.
As you read the scroll of identify, it crumbles to dust.
b - a potion of enlightenment;
1377 ||| IDENTIFYING coppery potion Done exploring.
(D) Dungeon
Where to? (* - list waypoints, Enter - D:2, ? - help)
What level of the Dungeon? (default 1, ? - help)
There is a stone staircase leading down here.
You climb downwards.
The orc shouts! x3; The orc wizard shouts!
The kobold shouts!
You hear an angry hiss.
The orc priest shouts!
Found a plate armour.
Found a glowing silver altar of Zin and a stormy altar of Qazlal.
Found a stone staircase leading down.
There is a stone staircase leading up here.
There are monsters nearby!
Waypoint 2 assigned to D:3.
You shoot an arrow. The arrow closely misses the orc.
The arrow hits the orc.
You kill the orc!
An adder comes into view.
The orc hits you but does no damage.
You are poisoned.
You shoot an arrow.
The arrow closely misses the orc wizard.
You feel sick.
The orc hits you with a +2 hand axe of venom.
You are more poisoned.
The orc wizard barely misses you. The orc hits you with a +0 mace!
1406 ||| STAIRDANCE You feel very sick.
The orc wizard hits you with a +0 dagger.
The orc closely misses you.
The orc hits you with a +2 hand axe of venom.
You are more poisoned.
The orc priest hits you but does no damage.
You climb upwards.
You die...

### ################..
#oo...............
#@oo.........###.#
###############...##.#
#.................##..
#.##########.......)..
#.#................#..
#.#.######.........#.#
#.#.#<.# #.........#.#
#.#....# #.........#.#
#.########.........#..


You could see an orc priest, an orc wizard and 2 orcs.

Vanquished Creatures
  4 dart slugs
  An orc (D:3)
  6 endoplasms
  12 giant cockroaches
  4 goblins
  6 hobgoblins
  3 jackals (D:1)
  4 kobolds
  4 quokkas (D:2)
  3 ball pythons
  4 bats
  3 rats
54 creatures vanquished.

Notes
Turn   | Place    | Note
-------+----------+-------------------------------------------
     0 | D:1      | qw the Deep Elf Hunter began the quest for the Orb.
     0 | D:1      | Reached XP level 1. HP: 12/12 MP: 3/3
     0 | D:1      | 0 ||| qw: Version: 0.3-a-22-g0ed2b0b
     0 | D:1      | 0 ||| qw: Game counter: 5268
     0 | D:1      | 0 ||| qw: Melee chars always use a shield: true
     0 | D:1      | 0 ||| qw: God list: Okawaru
     0 | D:1      | 0 ||| qw: Allow faded altars: false
     0 | D:1      | 0 ||| qw: Do Orc after clearing Dungeon:15 true
     0 | D:1      | 0 ||| qw: Do second Lair branch before Depths: true
     0 | D:1      | 0 ||| qw: Lair rune preference: random
     0 | D:1      | 0 ||| qw: Goals: Normal
     0 | D:1      | 0 ||| PLANNING D:1-11
   200 | D:1      | Reached skill level 6 in Ranged Weapons
   200 | D:1      | Reached XP level 2. HP: 16/16 MP: 4/4
   495 | D:1      | Reached XP level 3. HP: 20/20 MP: 5/5
   502 | D:1      | Found Kitremom's Magic Scroll Shop.
   515 | D:1      | 515 ||| BUYING scroll of identify (28 gold).
   515 | D:1      | Bought a scroll of identify for 28 gold pieces
   515 | D:1      | 515 ||| BUYING scroll of identify (28 gold).
   515 | D:1      | Bought a scroll of identify for 28 gold pieces
   515 | D:1      | 515 ||| BUYING scroll of identify (28 gold).
   515 | D:1      | Bought a scroll of identify for 28 gold pieces
   515 | D:1      | 515 ||| SHOPLISTING scroll of teleportation (42 gold, have
                  | 18).
   635 | D:1      | 635 ||| UPGRADING to +0 scale mail.
   645 | D:1      | 645 ||| DROPPING +0 leather armour.
   646 | D:1      | 646 ||| UPGRADING to +0 ring mail.
   656 | D:1      | 656 ||| DROPPING +0 scale mail.
   657 | D:1      | 657 ||| UPGRADING to ring of positive energy.
   658 | D:1      | 658 ||| READING scroll labelled PAELEGH QUMOFF.
   659 | D:1      | 659 ||| READING scroll labelled UWOTIC CYMETZ.
   660 | D:1      | 660 ||| READING scroll labelled CUFEMU LOUV.
   664 | D:1      | 664 ||| READING scroll labelled XONOETREJEST.
   665 | D:1      | 665 ||| READING 5 scrolls of identify.
   665 | D:1      | 665 ||| IDENTIFYING black potion
   666 | D:1      | 666 ||| DROPPING scroll of butterflies.
   794 | D:2      | Reached skill level 7 in Ranged Weapons
   810 | D:2      | 810 ||| FLEEEEING.
  1183 | D:2      | Reached XP level 4. HP: 25/25 MP: 6/6
  1371 | D:2      | 1371 ||| UPGRADING to +0 helmet.
  1376 | D:2      | 1376 ||| READING scroll labelled XOERABRYMIE.
  1377 | D:2      | 1377 ||| READING 6 scrolls of identify.
  1377 | D:2      | 1377 ||| IDENTIFYING coppery potion
  1403 | D:3      | Found a glowing silver altar of Zin.
  1403 | D:3      | Found a stormy altar of Qazlal.
  1406 | D:3      | 1406 ||| STAIRDANCE
  1406 | D:3      | HP: 5/25 [orc wizard/+0 dagger (4)]
  1407 | D:2      | Succumbed to an orc's poison

Levels and vault maps discovered:
D:1:      dpeg_arrival_water_fire, layout_rooms, serial_shops,
          nicolae_shop_peninsula, nicolae_figureground_sparkle
D:2:      minmay_roachtagon, layout_basic, minmay_pentomino_q2
D:3:      layout_rooms, grunt_temple_overflow_open, uniq_natasha

Skill      XL: |  1  2  3 |
---------------+----------+-----
Ranged Weapons | 6 7 |  7.5
Fighting       | |  1.5
Dodging        | |  2.4
Stealth        | |  1.2

Action                     |  1- 3 |  4- 6 || total
---------------------------+-------+-------++-------
   Fire: Shortbow          |   133 |     5 ||   138
    Use: Scroll            |     5 |     2 ||     7
 Armour: Leather armour    |     4 |       ||     4
         Ring mail         |    22 |     3 ||    25
  Dodge: Dodged            |    58 |     3 ||    61

Table legend:
 A = Non-vault XP
 B = Vault XP
 C = Vault XP percentage of total XP
 D = Non-vault monster count
 E = Vault monster count
 F = Vault count percentage of total count
                 A         B        C        D         E       F
            +---------+---------+-------+---------+---------+-------
      Total |      84 |      22 |  20.8 |      43 |      11 |  20.4
            +---------+---------+-------+---------+---------+-------
        D:1 |      46 |       0 |   0.0 |      24 |       0 |   0.0
        D:2 |      35 |      22 |  38.6 |      18 |      11 |  37.9
        D:3 |       3 |       0 |   0.0 |       1 |       0 |   0.0
            +---------+---------+-------+---------+---------+-------
